 Dungeon Crawl Stone Soup version 0.32-a0-705-g60f233581c (webtiles) character file.

Game seed: 14448321605915799119

205 croobank the Chopper (level 5, -2/47 HPs)
             Began as a Mountain Dwarf Monk on Mar 14, 2024.
             Killed by nerve-wracking pain
             ... invoked by Grinder
              (12 damage)
             ... on level 3 of the Dungeon.
             The game lasted 00:05:46 (3265 turns).

croobank the Chopper (Mountain Dwarf Monk)          Turns: 3265, Time: 00:05:47

Health: -2/47      AC:  2    Str: 16    XL:     5   Next: 53%
Magic:  5/5        EV: 11    Int: 10    God:
Gold:   171        SH:  0    Dex: 12    Spells: 4/4 levels left

rFire   . . .        a - +0 hand axe
rCold   . . .        d - orb {light}
rNeg    . . .        b - +0 robe
rPois   .            (no helmet)
rElec   .            (no cloak)
rCorr   .            (no gloves)
SInv    .            (no boots)
Will    .....        (no amulet)
Stlth   +            (no ring)
HPRegen 0.27/turn    (no ring)
MPRegen 0.09/turn

%: no passive effects
@: glowing, invisible (but backlit and visible)
A: runic magic, artefact enchanting
a: no special abilities


You were on level 3 of the Dungeon.
You visited 1 branch of the dungeon, and saw 3 of its levels.

You collected 171 gold pieces.

Inventory:

Hand Weapons
 a - a +0 hand axe (weapon)
 s - a +0 sling
 u - a +0 trident
Missiles
 B - a poisoned dart
Armour
 b - a +0 robe (worn)
 d - an orb of light (worn)
Magical Staves
 q - a staff of fire
Jewellery
 j - a +6 ring of intelligence
Wands
 m - a wand of digging (5)
Scrolls
 e - 2 scrolls of fog {unknown}
 h - 4 scrolls of identify {unknown}
 i - a scroll of amnesia {unknown}
 k - 2 scrolls of enchant armour {unknown}
 l - a scroll of vulnerability {unknown}
 p - a scroll of acquirement {unknown}
 x - a scroll of teleportation {unknown}
 y - a scroll of enchant weapon {unknown}
Potions
 g - 2 potions of cancellation {unknown}
 n - 2 potions of mutation {unknown}
 o - a potion of lignification {unknown}
 r - 2 potions of curing {unknown}
 t - a potion of enlightenment {unknown}
 w - a potion of magic {unknown}
 z - a potion of attraction {unknown}
 A - a potion of might {unknown}


   Skills:
 + Level 4.8 Fighting
 + Level 5.2 Axes
 + Level 3.2 Dodging


You had 4 spell levels left.
You didn't know any spells.
Your spell library contained the following spells:

 Spells                   Type           Power      Damage    Failure   Level
 Ensorcelled Hibernation  Hex/Ice        0%         N/A       50%         2
 Fugue of the Fallen      Necr           0%         N/A       75%         3
 Anguish                  Hex/Necr       0%         N/A       98%         4


Dungeon Overview and Level Annotations

Branches:
Dungeon (3/15)

Altars:
Wu Jian

Shops:
D:3 (

Annotations:
D:2 1 runed translucent door, Crazy Yiuf
D:3 Grinder


Innate Abilities, Weirdness & Mutations

Your spellcasting is much less encumbered by armour.
You can use scrolls of enchantment on lesser artefacts.


Message History

You suddenly lose the ability to move!
Grinder hits you.
You writhe in agony.
* * * LOW HITPOINT WARNING * * *
Grinder barely misses you. Grinder hits you.
* * * LOW HITPOINT WARNING * * *
You writhe in agony.
* * * LOW HITPOINT WARNING * * *
Grinder gestures at you. You resist with significant effort.
You can move again.
It was a potion of invisibility.
You become transparent, but the glow from your halo prevents you from becoming completely invisible.
Grinder misses you.
Grinder zaps a wand.
The puff of flame misses you.
Okay, then.
What are your orders? t - Shout!
Orders for allies: a - Attack new target. p - Attack previous target. r - Retreat! s - Stop attacking. g - Guard the area. f - Follow me.
Anything else - Cancel.
Gang up on whom?
Press: ? - help, Dir - move target, f/p - Grinder
Aim: Grinder, carrying a wand of flame (heavily wounded, haloed)
Okay, then.
Okay, then.
Okay, then.
You start removing your armour.
You continue removing your orb of light.
Grinder says, "At least Makhleb appreciates what I'm doing."
Grinder closely misses you.
You continue removing your orb of light.
Grinder misses you.
You continue removing your orb of light.
Grinder zaps a wand.
The puff of flame misses you.
You continue removing your orb of light.
Grinder gestures at you. Pain shoots through your body!
You die...
Grinder sighs, "Dead already?
I want a refund."

###.#.# ##.#.#
##....#
##...###
####...##
###......# #.#
#...#.####
#(...#.###....#
##
.....'..5@.##.#
.#
######.###.##.#
.#######ß###..
#....#
.#...##...####
######
.#.#.#ß...ß#
.#.#.##...##
.#.####...#
##.# ##...##
...# #ß...ß#


You could see Grinder.

Vanquished Creatures
  A hound (D:3)
  Natasha (twice) (D:2)
  5 adders
  A ribbon worm (D:2)
  5 orcs (D:3)
  7 bats
  5 endoplasms
  5 giant cockroaches
  4 goblins
  9 hobgoblins
  5 quokkas
  5 ball pythons
  4 frilled lizards (D:1)
  5 kobolds
  10 rats
73 creatures vanquished.

Notes
Turn   | Place    | Note
-------+----------+-------------------------------------------
     0 | D:1      | croobank the Mountain Dwarf Monk began the quest for the
                  | Orb.
     0 | D:1      | Reached XP level 1. HP: 19/19 MP: 1/1
   297 | D:1      | Reached XP level 2. HP: 26/26 MP: 2/2
   437 | D:1      | Reached skill level 4 in Axes
   684 | D:1      | Found a faded altar of an unknown god.
  1009 | D:2      | Reached XP level 3. HP: 33/33 MP: 3/3
  1285 | D:2      | Noticed Natasha
  1295 | D:2      | Killed Natasha
  1676 | D:2      | Reached XP level 4. HP: 26/40 MP: 4/4
  2165 | D:2      | Found a runed translucent door.
  2166 | D:2      | Noticed Crazy Yiuf
  2247 | D:2      | Noticed Natasha
  2260 | D:2      | Killed Natasha
  2478 | D:3      | Reached XP level 5. HP: 45/47 MP: 5/5
  2644 | D:3      | Reached skill level 5 in Axes
  2716 | D:3      | Found Vuang's Weapon Shoppe.
  2987 | D:3      | Found an ornate altar of the Wu Jian Council.
  3236 | D:3      | Noticed Grinder
  3250 | D:3      | Paralysed by Grinder for 2 turns
  3254 | D:3      | Paralysed by Grinder for 4 turns
  3265 | D:3      | Killed from afar by Grinder

Illustrated notes

Levels and vault maps discovered:
D:1:      onia_arrival_pentagram, layout_basic,
          dreamdust_ecumenical_altar_sealed_demon, minmay_crystal_room,
          minmay_misc_feat_room, minivault_5
D:2:      layout_basic, minmay_joined_circles, uniq_crazy_yiuf_cottage,
          uniq_natasha
D:3:      layout_basic, mainiacjoe_overflow_alcove_1, serial_corexii_hall,
          corexii_hall_statues_x, corexii_hall_statues_deadend,
          chequers_hall_statues_corner_a, serial_shops, shop, uniq_grinder

Skill      XL: |  1  2  3  4  5 |
---------------+----------------+-----
Axes           | 4 5 |  5.2
Fighting       | 4 |  4.8
Dodging        | 3 |  3.2

Action                     |  1- 3 |  4- 6 || total
---------------------------+-------+-------++-------
  Melee: Hand axe          |    87 |   149 ||   236
  Throw: Dart              |       |     2 ||     2
         Throwing net      |       |     1 ||     1
    Use: Potion            |       |     2 ||     2
 Armour: Robe              |    44 |    81 ||   125
  Dodge: Dodged            |    42 |   109 ||   151

Table legend: (Time is in decaauts)
 A = Elapsed time spent in this place.
 B = Non-inter-level travel time spent in this place.
 C = Inter-level travel time spent in this place.
 D = Time resting spent in this place.
 E = Time spent auto-exploring this place.
 F = Levels seen in this place.
 G = Mean time per level.
                   A        B        C        D        E       F      G
               +--------+--------+--------+--------+--------+-----+--------+
         Total |   3287 |   3185 |    102 |    490 |   2096 |   3 | 1095.7 |
       Dungeon |   3287 |   3185 |    102 |    490 |   2096 |   3 | 1095.7 |
               +--------+--------+--------+--------+--------+-----+--------+

Top non-repeatable levels by time:
     D:2: 1617 daAuts
     D:1: 871 daAuts
     D:3: 797 daAuts
